AoeStats
← Michi3052

Arena

505692369Analyzed
1v1 RM · 23d ago on Sep 10, 2026· 27m 2s· 2 players
Game mode
Random Map
Map size
Tiny (2 player)
Population
200
Speed
Normal
Resources
Standard
Victory
Conquest
Starting age
Dark Age
Ending age
Imperial Age
RankedLock teamsTeams togetherTeam positionsShared explorationLock speedFull tech treeHidden civsTurbo modeCheats
Victory
Defeat
🇩🇪 Turks · Germany
681
+17
🇪🇸 Turks · Spain
696
-17
sophia
3:16 Loom
12:37 Feudal Age
16:18 Castle Age
14:26 Double-Bit Axe
14:51 Horse Collar
16:28 Fletching
20:32 Padded Archer Armor
25:26 Thumb Ring
26:19 Sanctity
26:37 Bloodlines
26:28 Husbandry
Michi3052
13:12 Feudal Age
17:07 Castle Age
23:06 Fletching
Connection lost

Rejoining the realm…

Still unreachable

The connection could not be restored.

Session expired

The server has moved on; the page needs a fresh start.